 Dungeon Crawl Stone Soup version 0.29-a0-813-g4a14ea37d6 (webtiles) character file.

Game seed: 9925818766934190561

84 LynnLen the Sneak (level 4, -3/21 HPs)
             Began as a Vampire Enchanter on July 4, 2022.
             Slain by Robin
             ... wielding a +0 spear
              (4 damage)
             ... on level 1 of the Dungeon.
             The game lasted 00:11:25 (1550 turns).

LynnLen the Sneak (Vampire Enchanter)               Turns: 1550, Time: 00:11:26

Health: -3/21      AC:  5    Str: 11    XL:     4   Next: 24%
Magic:  7/7        EV: 12    Int: 19    God:
Gold:   18         SH:  0    Dex: 16    Spells: 1/7 levels left

rFire   . . .      SeeInvis +   p - +2 dagger (drain)
rCold   + + .      Faith    .   (no shield)
rNeg    + + +      Spirit   .   j - +0 leather armour
rPois   ∞          Reflect  .   (no helmet)
rElec   .          Harm     .   (no cloak)
rCorr   .          Rampage  .   (no gloves)
Will    .....                   d - +1 pair of boots
Stlth   +++++.....              e - amulet "Emminich" {Acrobat Str+4 Int+2}
HPRegen 0.00/turn               (no ring)
MPRegen 0.10/turn               (no ring)

@: bloodless, inhibited regen
A: bloodless, fangs 3, see invisible, vampiric 2, [frail 1]
a: Bat Form, Revivify


You were on level 1 of the Dungeon.
You visited 1 branch of the dungeon, and saw 2 of its levels.

You collected 18 gold pieces.

Inventory:

Hand Weapons
 p - a +2 dagger of draining (weapon)
Armour
 d - a +1 pair of boots (worn)
 j - a +0 leather armour (worn)
Jewellery
 e - the amulet "Emminich" (around neck) {Acrobat Str+4 Int+2}
   (You found it on level 2 of the Dungeon)

   [amulet of the acrobat]

   It increases your evasion while moving and waiting.
   Str:       It affects your strength (+4).
   Int:       It affects your intelligence (+2).
Scrolls
 m - a scroll of fear {unknown}
 n - a scroll of immolation {unknown}
 o - a scroll of amnesia {unknown}
 q - 2 scrolls of magic mapping {unknown}
Potions
 b - a potion of haste
 c - 2 potions of invisibility
 f - a potion of magic
 g - 2 potions of heal wounds {unknown}
 h - a potion of berserk rage {unknown}
 i - a potion of attraction {unknown}
 k - a potion of mutation {unknown}
 l - a potion of lignification {unknown}


   Skills:
 + Level 2.3 Short Blades
 + Level 2.6 Dodging
 + Level 6.3 Stealth
 + Level 2.0 Spellcasting
 + Level 4.9 Hexes


You had one spell level left.
You knew the following spells:

 Your Spells              Type           Power      Damage    Failure   Level
a - Confusing Touch       Hex            20%        N/A       9%          3
b - Tukima's Dance        Hex            20%        N/A       9%          3

Your spell library contained the following spells:

 Spells                   Type           Power      Damage    Failure   Level
 Freeze                   Ice            4%         1d3       22%         1
 Sandblast                Erth           2%         2d4       22%         1
 Ensorcelled Hibernation  Hex/Ice        22%        N/A       12%         2
 Dazzling Flash           Conj/Hex       22%        N/A       24%         3
 Passwall                 Tmut/Erth      0%         N/A       32%         2
 Frozen Ramparts          Ice            2%         1d2       54%         3
 Stone Arrow              Conj/Erth      2%         3d7       54%         3
 Hailstorm                Conj/Ice       1%         3d3       91%         4


Dungeon Overview and Level Annotations

Branches:
Dungeon (2/15)

Altars:
Nemelex Xobeh

Annotations:
D:1 Robin


Innate Abilities, Weirdness & Mutations

You do not regenerate when monsters are visible.
You are frail without blood (-20% HP).
You can heal yourself when you bite living creatures.
You are immune to poison.
You have razor-sharp teeth.
You have supernaturally acute eyesight. (SInv)
You are afflicted with vampirism and can become a bat while bloodless.
[You are frail. (-10% HP)]


Message History

You hit the goblin.
You kill the goblin!
The goblin hits you with a +0 club. The bat misses you.
Items here: ))) †.
The bat completely misses you. Robin misses you. The bat completely misses you.
The gnoll shouts!
You hit the bat.
You kill the bat!
The goblin hits you with a +0 club.
A gnoll comes into view. It is wielding a +0 whip.
Robin hits you but does no damage. The goblin misses you.
Robin completely misses you.
You see here a bat corpse.
Robin completely misses you. The goblin completely misses you.
Robin hits you with a +0 spear.
The gnoll shouts!
You hit Robin but do no damage. You drain Robin. You bite Robin.
You draw Robin's blood!
You feel better.
Robin is heavily wounded.
The goblin closely misses you. The goblin attacks as you move away!
The goblin closely misses you. The hobgoblin hits you. Robin misses you.
There is an escape hatch in the ceiling here.
You hit the goblin.
You kill the goblin!
The hobgoblin closely misses you. Robin closely misses you.
You barely miss the gnoll. The hobgoblin hits you.
* * * LOW HITPOINT WARNING * * *
Robin barely misses you. The gnoll barely misses you.
The hobgoblin barely misses you. Robin closely misses you.
The gnoll barely misses you. A mysterious force pulls you upwards.
The hatch slams shut behind you.
You barely miss Robin.
Robin is heavily wounded.
The hobgoblin no longer looks unusually strong.
The gnoll hits you with a +0 club.
* * * LOW HITPOINT WARNING * * *
Robin hits you with a +0 spear.
You die...

###### .....#
####### ### .###†#
#.....###.##
..##.###..#....g#g#
.............###@##
..##.###.###.# #g#
.###.# #.....# #.###
.....# ####### #...#
###### #.#.# #
######## #...# #
#......# ##.## #
#......########.####
#......##.......†..#


You could see Robin (very drained), a gnoll and a hobgoblin.

Vanquished Creatures
  A gnoll (D:2)
  An adder (D:2)
  3 dart slugs
  2 endoplasms
  5 giant cockroaches
  15 goblins
  7 hobgoblins
  6 kobolds
  A quokka (D:1)
  5 ball pythons
  2 bats (D:2)
  5 rats (D:1)
53 creatures vanquished.

Notes
Turn   | Place    | Note
-------+----------+-------------------------------------------
     0 | D:1      | LynnLen the Vampire Enchanter began the quest for the Orb.
     0 | D:1      | Reached XP level 1. HP: 13/13 MP: 3/3
   180 | D:1      | Reached XP level 2. HP: 12/15 MP: 5/5
   185 | D:1      | Reached skill level 5 in Stealth
   319 | D:1      | Found a faded altar of an unknown god.
   826 | D:1      | Gained mutation: You are afflicted with vampirism and can
                  | become a bat while bloodless. [Vampire growth]
   826 | D:1      | Reached XP level 3. HP: 16/16 MP: 6/6
   831 | D:1      | Learned a level 3 spell: Confusing Touch
   835 | D:1      | Learned a level 3 spell: Tukima's Dance
  1208 | D:2      | Identified the amulet "Emminich" {Acrobat Str+4 Int+2}
  1427 | D:2      | Found a sparkling altar of Nemelex Xobeh.
  1429 | D:2      | Reached skill level 6 in Stealth
  1462 | D:2      | Reached XP level 4. HP: 20/21 MP: 7/7
  1531 | D:2      | Noticed Robin
  1550 | D:1      | HP: 1/21 [gnoll/+0 club (5)]
  1550 | D:1      | Slain by Robin

Illustrated notes

Levels and vault maps discovered:
D:1:      elethiomel_arrival_quiet, layout_loops_cross,
          chequers_ecumenical_altar_simple_redux, nicolae_figureground_pulse
D:2:      layout_rooms, basic_altar, minmay_misc_feat_cross, uniq_terence,
          uniq_robin

Skill      XL: |  1  2  3 |
---------------+----------+-----
Stealth        | 5 6 |  6.3
Short Blades   | 2 |  2.3
Dodging        | |  2.6
Spellcasting   | |  2.0
Hexes          | |  4.9

Action                   |  1- 3 |  4- 6 || total
-------------------------+-------+-------++-------
Melee: Dagger            |   118 |    28 ||   146
       Bite              |     9 |     5 ||    14
       Punch             |     1 |       ||     1
 Cast: Tukima's Dance    |     1 |     1 ||     2
       Confusing Touch   |     1 |       ||     1
 Abil: Exsanguinate      |     2 |       ||     2
       Revivify          |     1 |       ||     1
  Use: Scroll            |     2 |       ||     2
 Stab: Sleeping          |    15 |       ||    15
       Distracted        |     1 |       ||     1
       Confused          |     1 |       ||     1
Armor: Robe              |     9 |       ||     9
       Leather armour    |    27 |     4 ||    31
Dodge: Dodged            |    58 |    34 ||    92

Table legend: (Time is in decaauts)
 A = Elapsed time spent in this place.
 B = Non-inter-level travel time spent in this place.
 C = Inter-level travel time spent in this place.
 D = Time resting spent in this place.
 E = Time spent auto-exploring this place.
 F = Levels seen in this place.
 G = Mean time per level.
                   A        B        C        D        E       F      G
               +--------+--------+--------+--------+--------+-----+--------+
         Total |   1537 |   1537 |      0 |    279 |    295 |   2 |  768.5 |
       Dungeon |   1537 |   1537 |      0 |    279 |    295 |   2 |  768.5 |
               +--------+--------+--------+--------+--------+-----+--------+

Top non-repeatable levels by time:
     D:1: 1178 daAuts
     D:2: 359 daAuts
